 Dungeon Crawl Stone Soup version 0.32-a0-411-g744942f433 (webtiles) character file.

Game seed: 2118313649862620521

133 juan097 the Shield-Bearer (level 5, -1/38 HPs)
             Began as a Human Wanderer on Feb 20, 2024.
             Slain by an orc priest
             ... wielding a +0 club
              (3 damage)
             ... on level 3 of the Dungeon.
             The game lasted 00:06:46 (2095 turns).

juan097 the Shield-Bearer (Human Wanderer)          Turns: 2095, Time: 00:06:47

Health: -1/38      AC:  8    Str: 11    XL:     5   Next: 16%
Magic:  6/6        EV: 10    Int: 13    God:
Gold:   105        SH:  6    Dex: 21    Spells: 5/6 levels left

rFire   . . .        a - +0 dagger
rCold   . . .        b - +0 buckler
rNeg    . . .        m - +0 ring mail
rPois   .            i - +2 helmet {SInv}
rElec   .            (no cloak)
rCorr   .            (no gloves)
SInv    +            (no boots)
Will    .....        (no amulet)
Stlth   ++           c - +6 ring of dexterity
HPRegen 0.26/turn    (no ring)
MPRegen 0.10/turn

%: no passive effects
@: no status effects
A: explore regen
a: Convert to Beogh


You were on level 3 of the Dungeon.
You visited 1 branch of the dungeon, and saw 3 of its levels.

You collected 105 gold pieces.

Inventory:

Hand Weapons
 a - a +0 dagger (weapon)
Missiles
 g - 4 boomerangs (quivered)
 h - 6 datura-tipped darts
Armour
 b - a +0 buckler (worn)
 i - a +2 helmet of see invisible (worn)
 m - a +0 ring mail (worn)
 n - a +0 leather armour
Magical Staves
 q - a staff of conjuration
Jewellery
 c - a +6 ring of dexterity (left hand)
Scrolls
 j - 3 scrolls of fog {unknown}
 k - a scroll of noise {unknown}
 l - a scroll of identify {unknown}
 o - a scroll of blinking {unknown}
 r - a scroll of amnesia {unknown}
Potions
 d - 2 potions of lignification {unknown}
 f - a potion of ambrosia {unknown}
 p - a potion of berserk rage {unknown}
 s - a potion of enlightenment {unknown}


   Skills:
 - Level 2.0 Fighting
 + Level 2.6 Short Blades
 - Level 1.0 Dodging
 + Level 2.6 Stealth
 + Level 3.3 Shields
 - Level 2.0 Unarmed Combat
 - Level 1.0 Spellcasting
 - Level 2.0 Summonings


You had 5 spell levels left.
You knew the following spells:

 Your Spells              Type           Power      Damage    Failure   Level
a - Summon Small Mammal   Summ           20%        N/A       38%         1

Your spell library contained the following spells:

 Spells                   Type           Power      Damage    Failure   Level
 Call Imp                 Summ           10%        N/A       54%         2
 Magic Dart               Conj           0%         1d3       67%         1
 Sandblast                Erth           0%         2d4       67%         1
 Call Canine Familiar     Summ           5%         N/A       77%         3
 Blink                    Tloc           0%         N/A       82%         2
 Summon Ice Beast         Ice/Summ       3%         N/A       88%         3
 Gell's Gravitas          Tloc           0%         N/A       96%         3
 Passwall                 Erth           0%         N/A       96%         3
 Stone Arrow              Conj/Erth      0%         3d7       96%         3
 Teleport Other           Tloc           0%         N/A       96%         3
 Brom's Barrelling Bould  Conj/Erth      0%         2d3       100%        4
 Dispersal                Tloc           0%         N/A       100%        6


Dungeon Overview and Level Annotations

Branches:
Dungeon (3/15)

Altars:
Dithmenos
Ru


Innate Abilities, Weirdness & Mutations

You regain HP and MP as you explore.


Message History

The orc priest shouts, "Surrender to Beogh and we'll let you live!"
The orc priest is heavily wounded.
The orc priest calls down the wrath of Beogh upon you.
Pain shoots through your body!
* * * LOW HITPOINT WARNING * * *
The orc barely misses you.
You hit the orc priest.
The orc priest is severely wounded.
You block the orc priest's attack. The orc hits you with a +0 club.
* * * LOW HITPOINT WARNING * * *
You closely miss the orc priest.
The orc priest shouts, "The Pantheon deserves no one's loyalty.
Let us show you the true path!"
The orc priest is severely wounded.
The orc priest closely misses you. You block the orc's attack.
You hit the orc priest but do no damage.
The orc priest is severely wounded.
The orc barely misses you. The orc priest closely misses you.
You hit the orc priest but do no damage.
The orc priest is severely wounded.
The orc hits you with a +0 club.
* * * LOW HITPOINT WARNING * * *
The orc priest closely misses you.
You barely miss the orc priest.
The orc priest is severely wounded.
The orc barely misses you. The orc priest closely misses you.
You barely miss the orc priest.
The orc priest is severely wounded.
You block the orc's attack.
The orc priest hits you but does no damage.
You hit the orc priest but do no damage.
The orc priest is severely wounded.
You hit the orc priest but do no damage.
The orc priest is severely wounded.
The orc priest miscasts a cantrip.
The orc hits you with a +0 club.
* * * LOW HITPOINT WARNING * * *
You hit the orc priest but do no damage.
The orc priest is severely wounded.
The orc priest hits you with a +0 club.
You die...

#.......###
#)# #.......#
#.......#
#.##..### #.
##.# . #.# ..
#[# #. #.#
#@######
#oo....#
#o.........#
#.........###
#.>.......#
#.........#
#.........#
#?........#
#.........#


You could see an orc priest and 2 orcs.

Vanquished Creatures
  A hound (D:3)
  An adder (D:2)
  2 dart slugs
  A ribbon worm (D:2)
  An orc (D:3)
  A ball python (D:2)
  2 endoplasms (D:1)
  2 giant cockroaches (D:1)
  2 goblins (D:1)
  6 hobgoblins
  4 jackals (D:3)
  6 kobolds
  A quokka (D:3)
  11 bats
  3 frilled lizards
  5 rats (D:1)
49 creatures vanquished.

Notes
Turn   | Place    | Note
-------+----------+-------------------------------------------
     0 | D:1      | juan097 the Human Wanderer began the quest for the Orb.
     0 | D:1      | juan097 set off with the following items: a +0 dagger, a +0
                  | buckler, a potion of heal wounds, a +0 robe, a scroll of
                  | teleportation; and the following spell memorised: Summon
                  | Small Mammal; and the following spells available to
                  | memorise: Call Canine Familiar, Summon Ice Beast.
     0 | D:1      | Reached XP level 1. HP: 16/16 MP: 2/2
    44 | D:1      | Reached XP level 2. HP: 16/22 MP: 3/3
    55 | D:1      | Reached skill level 1 in Stealth
    56 | D:1      | Reached skill level 1 in Short Blades
   349 | D:1      | Reached XP level 3. HP: 22/27 MP: 4/4
   921 | D:2      | Found a shadowy altar of Dithmenos.
  1031 | D:2      | Reached XP level 4. HP: 33/33 MP: 5/5
  1040 | D:2      | Found a faded altar of an unknown god.
  1274 | D:2      | Reached skill level 3 in Shields
  1721 | D:3      | Found a sacrificial altar of Ru.
  1764 | D:3      | Reached XP level 5. HP: 18/38 MP: 6/6
  2095 | D:3      | Slain by an orc priest

Illustrated notes

Levels and vault maps discovered:
D:1:      saegor_arrival_simple_a, layout_basic, minmay_hexomino_r4
D:2:      kennysheep_big_flooded_room, layout_loops_ring,
          nicolae_ecumenical_pavilion, basic_altar, serial_glass,
          glass_columns_a, glass_columns_b
D:3:      layout_rooms, hangedman_ru_absence

Skill      XL: |  1  2  3  4 |
---------------+-------------+-----
Stealth        | 1 2 |  2.6
Short Blades   | 1 2 |  2.6
Shields        | 3 |  3.3
Fighting       | |  2.0
Dodging        | |  1.0
Unarmed Combat | |  2.0
Spellcasting   | |  1.0
Summonings     | |  2.0

Action                     |  1- 3 |  4- 6 || total
---------------------------+-------+-------++-------
  Melee: Dagger            |   155 |   195 ||   350
    Use: Potion            |     1 |       ||     1
         Scroll            |       |     1 ||     1
   Stab: Sleeping          |     3 |       ||     3
 Armour: Robe              |    47 |       ||    47
         Ring mail         |    35 |   122 ||   157
  Dodge: Dodged            |    60 |    74 ||   134
  Block: Buckler           |    25 |    56 ||    81

Table legend: (Time is in decaauts)
 A = Elapsed time spent in this place.
 B = Non-inter-level travel time spent in this place.
 C = Inter-level travel time spent in this place.
 D = Time resting spent in this place.
 E = Time spent auto-exploring this place.
 F = Levels seen in this place.
 G = Mean time per level.
                   A        B        C        D        E       F      G
               +--------+--------+--------+--------+--------+-----+--------+
         Total |   2081 |   2010 |     71 |    124 |   1159 |   3 |  693.7 |
       Dungeon |   2081 |   2010 |     71 |    124 |   1159 |   3 |  693.7 |
               +--------+--------+--------+--------+--------+-----+--------+

Top non-repeatable levels by time:
     D:1: 829 daAuts
     D:2: 825 daAuts
     D:3: 426 daAuts
